 Dungeon Crawl Stone Soup version bcrawl-1.40.2 (webtiles) character file.

Game seed: 379795455186067411

252232 kosoiffoigrumme1174 the Ducker (level 7, -2/44 HPs)
             Began as a Vine Stalker Monk on Nov 8, 2023.
             Slain by an ogre
             ... wielding a +0 giant spiked club
              (13 damage)
             ... on level 5 of the Dungeon.
             The game lasted 00:05:40 (3111 turns).

kosoiffoigrumme1174 the Ducker (Vine Stalker Monk)  Turns: 3111, Time: 00:05:40

Health: -2/44      AC:  6    Str: 15    XL:     7   Next: 58%
Magic:  0/9        EV: 16    Int: 10    God:
Gold:   487        SH:  0    Dex: 17    Spells: 6/6 levels left

rFire    . . .     GDR:     28% b - +2 falchion (elec)
rCold    . . .     SeeInvis .   (no shield)
rNeg     . . .     Gourm    .   c - +2 robe {MR+}
rPois    .         Faith    .   q - +2 hat
rElec    .         Spirit   +   (no cloak)
rCorr    .         Reflect  .   (no gloves)
MR       +....                  (no boots)
Stlth    ++........             d - amulet of guardian spirit
HPRegen  0.57/turn              (no ring)
MPRegen  0.11/turn              (no ring)

@: no status effects
A: fangs 3, regeneration 1, no potion heal 3, rot immunity, strong jaws
a: no special abilities


You were on level 5 of the Dungeon.
You were hungry.

You visited 1 branch of the dungeon, and saw 5 of its levels.
You also visited: Ossuary.

You collected 487 gold pieces.

Inventory:

Hand Weapons
 a - a +2 short sword of draining
 b - a +2 falchion of electrocution (weapon)
Missiles
 n - 890 stones
 s - 143 poisoned tomahawks (quivered)
Armour
 c - a +2 robe of magic resistance (worn)
 q - a +2 hat (worn)
 y - a +0 chain mail
Jewellery
 d - an amulet of guardian spirit (around neck)
 u - an uncursed ring of protection from fire {unknown}
Scrolls
 f - 3 scrolls of remove curse
 h - 4 scrolls of teleportation {unknown}
 i - 4 scrolls of identify
 j - 2 scrolls of amnesia {unknown}
 k - 2 scrolls of enchant weapon {unknown}
 r - 2 scrolls of fog {unknown}
 v - a scroll of enchant armour {unknown}
 x - a scroll of noise {unknown}
 A - a scroll of immolation {unknown}
 C - a scroll of blinking {unknown}
Potions
 g - 4 potions of brilliance {unknown}
 l - a potion of invisibility {unknown}
 m - a potion of ambrosia {unknown}
 o - 3 potions of curing {unknown}
 p - 2 potions of heal wounds
 t - 3 potions of flight {unknown}
 w - a potion of haste {unknown}
 z - 2 potions of berserk rage {unknown}
 B - a potion of lignification {unknown}
Comestibles
 e - a ration {!d}


   Skills:
 + Level 5.0 Fighting
   Level 2.6 Axes
 + Level 6.0 Dodging
 - Level 3.0 Stealth
 + Level 4.4 Unarmed Combat
   Level 2.0 Invocations


You had 6 spell levels left.
You didn't know any spells.
Your spell library was empty.

Dungeon Overview and Level Annotations

Branches:
Dungeon (5/12)
 Temple: D:4-7

Altars:

Shops:
D:4 [


Innate Abilities, Weirdness & Mutations

You have razor-sharp teeth.
Your natural rate of healing is unusually fast.
Potions cannot restore your health.
You are immune to rotting.
Your bites deal extra damage.


Message History

Throwing (i - inventory. (/) - cycle)
s - 144 poisoned tomahawks (quivered)
Press: ? - help, Shift-Dir - straight line, f/p - orc wizard
Aim: an orc wizard, wielding a +0 dagger and wearing a +0 robe (heavily wounded, poisoned)
You throw a poisoned tomahawk.
The poisoned tomahawk hits the ogre but does no damage.
The ogre is poisoned.
The orc wizard closely misses you.
The orc wizard hits you with a +0 dagger.
The ogre hits you with a +0 giant spiked club!!
You kill the orc wizard!
The orc wizard points at you and mumbles some strange words.
The magic dart hits you.
* * * LOW HITPOINT WARNING * * *
The orc wizard hits you with a +0 whip.
* * * LOW HITPOINT WARNING * * *
Your Fighting skill increases to level 5!
You slide downwards.
The hatch slams shut behind you. 3 jackals come into view.
The jackal barks!
The ogre hits you with a +0 giant spiked club!
You die...

## . #.. ..#
.? ....## .#
....##.#
#....# #@.#
#.O#
#....o......h.
#.###........#
#....h...#
........h#
##........#
##########


You could see an ogre, an orc wizard and 2 jackals.

Vanquished Creatures
  A hungry ghost (D:3)
  An ogre (D:4)
  3 orc priests
  2 orc wizards
  2 iguanas (D:4)
  8 mummies (Ossuary)
  4 adders
  An ooze (D:2)
  4 dart slugs
  2 leopard geckos
  8 orcs
  7 bats
  3 giant cockroaches
  8 goblins
  10 hobgoblins
  6 kobolds
  A quokka (D:3)
  A frilled lizard (D:2)
  A kobold zombie (Ossuary)
  7 orc zombies (Ossuary)
  8 rats
88 creatures vanquished.

Notes
Turn   | Place    | Note
-------+----------+-------------------------------------------
     0 | D:1      | kosoiffoigrumme1174 the Vine Stalker Monk began the quest
                  | for the Orb.
     0 | D:1      | Reached XP level 1. HP: 13/13 MP: 3/3
    60 | D:1      | Reached XP level 2. HP: 18/18 MP: 2/4
   106 | D:1      | Reached skill level 1 in Unarmed Combat
   520 | D:2      | Reached XP level 3. HP: 23/23 MP: 5/5
  1264 | D:1      | Reached skill level 4 in Dodging
  1613 | D:3      | Reached XP level 4. HP: 28/28 MP: 6/6
  1645 | D:3      | Noticed a hungry ghost
  1956 | D:3      | Reached XP level 5. HP: 31/33 MP: 7/7
  2474 | D:3      | Killed a hungry ghost
  2475 | D:3      | Reached skill level 5 in Dodging
  2475 | D:3      | Gained mutation: You have razor-sharp teeth. [Vine Stalker
                  | growth]
  2475 | D:3      | Reached XP level 6. HP: 39/39 MP: 8/8
  2716 | D:4      | Found a sand-covered staircase.
  2747 | D:4      | Reached XP level 7. HP: 44/44 MP: 9/9
  2806 | Ossuary  | Entered an ossuary
  3054 | D:4      | Found Zaydinae's Antique Armour Boutique.
  3101 | D:4      | Reached skill level 6 in Dodging
  3110 | D:4      | Reached skill level 5 in Fighting
  3110 | D:5      | Entered Level 5 of the Dungeon
  3111 | D:5      | Slain by an ogre

Skill      XL: |  1  2  3  4  5  6  7 |
---------------+----------------------+-----
Unarmed Combat | 1 2 3 4 |  4.4
Fighting       | 3 4 5 |  5.0
Dodging        | 4 5 6 |  6.0
Axes           | |  2.6
Stealth        | |  3.0
Invocations    | |  2.0

Action                   |  1- 3 |  4- 6 |  7- 9 || total
-------------------------+-------+-------+-------++-------
Melee: Hand axe          |   100 |    45 |       ||   145
       Bite              |    12 |    10 |     7 ||    29
       Punch             |     1 |       |     3 ||     4
       Short sword       |       |    38 |       ||    38
       Falchion          |       |    19 |    51 ||    70
Throw: Stone             |       |     6 |     3 ||     9
       Tomahawk          |       |       |    17 ||    17
 Stab: Sleeping          |     8 |     3 |     1 ||    12
  Eat: Chunk             |     5 |     2 |       ||     7
       Ration            |       |     2 |     1 ||     3
Armor: Robe              |    21 |    15 |    18 ||    54
       Scale mail        |       |     2 |       ||     2
Dodge: Dodged            |    75 |    89 |    69 ||   233
